 Dungeon Crawl Stone Soup version 0.24.0-13-gcf9b319 (webtiles) character file.

Game seed: 7239561651554717434, levelgen mode: deterministic

237 sanboga the Shield-Bearer (level 6, -2/38 HPs)
             Began as a Gargoyle Fighter on Dec 13, 2019.
             Killed from afar by Sigmund (5 damage)
             ... with a puff of flame
             ... on level 4 of the Dungeon.
             The game lasted 00:03:32 (2302 turns).

sanboga the Shield-Bearer (Gargoyle Fighter)        Turns: 2302, Time: 00:03:33

Health: -2/38      AC: 12    Str: 27    XL:     6   Next: 6%
Magic:  6/6        EV:  6    Int:  8    God:
Gold:   181        SH: 15    Dex:  9    Spells: 5/5 levels left

rFire    . . .     SeeInvis .   a - +1 war axe
rCold    . . .     Gourm    .   o - +0 large shield
rNeg     + . .     Faith    .   b - +0 scale mail
rPois    ∞         Spirit   .   e - +0 helmet
rElec    +         Reflect  .   (no cloak)
rCorr    .         Harm     .   (no gloves)
MR       .....                  (no boots)
Stlth    ..........             (no amulet)
HPRegen  0.12/turn              m - ring of flight
MPRegen  0.10/turn              (no ring)

@: mighty, very slightly contaminated, invisible
A: negative energy resistance 1, electricity resistance, unbreathing,
petrification resistance, rot immunity, AC +4
a: Evoke Flight


You were on level 4 of the Dungeon.
You were not hungry.

You visited 1 branch of the dungeon, and saw 4 of its levels.

You collected 181 gold pieces.

Inventory:

Hand Weapons
 a - a +1 war axe (weapon)
Armour
 b - a +0 scale mail (worn)
 e - a +0 helmet (worn)
 o - a +0 large shield (worn)
Jewellery
 m - a ring of flight (left hand)
Wands
 g - a wand of flame (15)
 k - a wand of random effects (14)
Scrolls
 i - a scroll of teleportation
 j - a scroll of magic mapping
Comestibles
 c - 2 chunks of flesh
 f - 4 rations


   Skills:
 + Level 4.1 Fighting
 * Level 3.5 Axes
 + Level 4.1 Armour
 * Level 4.9 Shields


You had 5 spell levels left.
You didn't know any spells.
Your spell library was empty.

Dungeon Overview and Level Annotations

Branches:
Dungeon (4/15)
 Temple: D:4-7

Altars:
Uskayaw
Vehumet
The Shining One

Annotations:
D:4 Sigmund


Innate Abilities, Weirdness & Mutations

You are resistant to torment.
Your stone body is resilient. (AC +4)
You are immune to poison.
You resist negative energy. (rN+)
You are resistant to electric shocks. (rElec)
You can survive without breathing.
You are immune to petrification.
You are immune to rotting.


Message History

You slash the orc wizard!
You kill the orc wizard!
You have reached level 6!
Your experience leads to an increase in your attributes!
Your base attributes are Str 21, Int 8, Dex 9.
Increase (S)trength, (I)ntelligence, or (D)exterity?
You feel stronger.
You completely miss something.
You hear some strange, mumbled words.
A puff of flame appears from out of thin air!
The puff of flame hits you.
You slash something! Something hits you!
* * * LOW HITPOINT WARNING * * *
You miss something. Something hits you!
* * * LOW HITPOINT WARNING * * *
You closely miss something.
You hear some strange, mumbled words.
A puff of flame appears from out of thin air!
The puff of flame hits you.
You die...

#.......?#
#........#
######...)....#
#....##'#)......
#.......#{......
#.......#.......
#.......#.......
#......)+.......
#......@#.......
#...##..#.......
######..###
#.........#
#.........#
#.....)...+
#...###.>.#
#...###.).#
#....# ....(


There were no monsters in sight!

Vanquished Creatures
  An orc wizard (D:4)
  An orc priest (D:4)
  Robin (D:2)
  7 adders
  2 worms (D:3)
  3 dart slugs
  2 leopard geckos
  4 orcs
  2 giant cockroaches
  15 hobgoblins
  2 ball pythons
  11 bats
  5 frilled lizards
  13 goblins
  13 kobolds
  6 rats
88 creatures vanquished.

Notes
Turn   | Place    | Note
-------+----------+-------------------------------------------
     0 | D:1      | sanboga the Gargoyle Fighter began the quest for the Orb.
     0 | D:1      | Reached XP level 1. HP: 14/14 MP: 1/1
   171 | D:1      | Reached XP level 2. HP: 19/19 MP: 2/2
   556 | D:1      | Reached XP level 3. HP: 23/23 MP: 3/3
   981 | D:2      | Noticed Robin
   991 | D:2      | Killed Robin
   991 | D:2      | Reached XP level 4. HP: 22/29 MP: 4/4
  1343 | D:2      | Found a hide-covered altar of Uskayaw.
  1344 | D:2      | Found a glowing golden altar of the Shining One.
  1402 | D:2      | Found a radiant altar of Vehumet.
  1555 | D:3      | Reached XP level 5. HP: 31/33 MP: 5/5
  2282 | D:4      | Noticed Sigmund
  2299 | D:4      | Reached XP level 6. HP: 19/38 MP: 6/6
  2302 | D:4      | Killed from afar by Sigmund

Levels and vault maps discovered:
D:1:      dpeg_arrival_rooms_b, layout_basic
D:2:      layout_rooms, lemuel_coloured_pillars_altar,
          gammafunk_temple_overflow_statue, uniq_robin
D:3:      layout_basic, minmay_misc_feat_square, due_unseen_surprise
D:4:      layout_gridville, gammafunk_temple_overflow_claw,
          grunt_decor_fettered, minmay_crystal_room, serial_bayou_lagoon_a,
          ashenzari_altar_1, uniq_sigmund, uniq_natasha

Skill      XL: |  1  2  3  4  5 |
---------------+----------------+-----
Axes           | 2 3 |  3.5
Shields        | 4 |  4.9
Armour         | 4 |  4.1
Fighting       | 4 |  4.1

Action                   |  1- 3 |  4- 6 || total
-------------------------+-------+-------++-------
Melee: War axe           |   154 |   153 ||   307
  Use: Scroll            |     2 |     5 ||     7
       Potion            |     1 |     3 ||     4
  Eat: Chunk             |       |     5 ||     5
Armor: Scale mail        |   114 |   107 ||   221
Dodge: Dodged            |    85 |    43 ||   128
Block: Shield            |   118 |    73 ||   191
       Large shield      |       |    23 ||    23
